 Dungeon Crawl Stone Soup version 0.28-a0-1114-g8eb0198dcf (webtiles) character file.

Game seed: 3723771876987526273

18170 Gargoyl the Fighter (level 12, -1/97 HPs)
             Began as a Gnoll Abyssal Knight on Dec 11, 2021.
             Was a High Priest of Lugonu.
             Slain by an efreet (14 damage)
             ... on level 12 of the Dungeon.
             The game lasted 00:15:21 (15564 turns).

Gargoyl the Fighter (Gnoll Abyssal Knight)         Turns: 15564, Time: 00:15:21

Health: -1/97      AC: 18    Str: 18    XL:     12   Next: 55%
Magic:  0/7        EV: 13    Int: 10    God:    Lugonu [*****.]
Gold:   505        SH:  0    Dex: 12    Spells: 25/25 levels left

rFire   . . .      SeeInvis .   d - +8 great sword "Siloac" {antimagic, rPois rN+ Will+ rCorr}
rCold   . . .      Faith    .   (shield currently unavailable)
rNeg    + + +      Spirit   +   v - +3 ring mail of the Saviour {Harm rN++}
rPois   +          Reflect  .   (no helmet)
rElec   .          Harm     +   i - +2 cloak
rCorr   +          Rampage  .   h - +2 pair of gloves
Will    ++...                   o - +0 pair of boots
Stlth   +++.......              t - amulet of guardian spirit
HPRegen 0.26/turn               z - ring of willpower
MPRegen 0.10/turn               C - +4 ring of slaying

@: slowed, very slow
A: fangs 1, strong nose, distributed training
a: Renounce Religion, Depart the Abyss, Bend Space, Banish, Corrupt, Enter the
Abyss


You were on level 12 of the Dungeon.
You worshipped Lugonu.
Lugonu was extremely pleased with you.
You visited 1 branch of the dungeon, and saw 12 of its levels.
You visited the Abyss 1 time.
You also visited: Sewer.

You collected 662 gold pieces.
You spent 157 gold pieces at shops.

Inventory:

Hand Weapons
 b - a +3 long sword of electrocution
 d - the +8 great sword "Siloac" (weapon) {antimagic, rPois rN+ Will+ rCorr}
   (You found it on level 2 of the Abyss)

   It reduces the magical energy of the wielder, and disrupts the spells and
   magical abilities of those it strikes.
   Natural abilities and divine invocations are not affected.
   rPois:     It protects you from poison.
   rN:        It protects you from negative energy.
   rCorr:     It protects you from acid and corrosion.
   Will:      It increases your willpower.
 p - a +5 hand axe of electrocution
 w - a +2 hand axe
 E - the +5 falchion "Hyguos" {freeze, Drain Will+ rCorr SInv}
   (You found it on level 10 of the Dungeon)

   It freezes those it strikes, dealing additional cold damage.
   It can also slow down cold-blooded creatures.
   SInv:      It lets you see invisible.
   rCorr:     It protects you from acid and corrosion.
   Drain:     It drains your maximum health when unequipped.
   Will:      It increases your willpower.
Missiles
 g - 97 poisoned darts (quivered)
Armour
 h - a +2 pair of gloves (worn)
 i - a +2 cloak (worn)
 o - a +0 pair of boots (worn)
 v - the +3 ring mail of the Saviour (worn) {Harm rN++}
   (You found it on level 6 of the Dungeon)

   rN:        It greatly protects you from negative energy.
   Harm:      It increases damage dealt and taken.
Jewellery
 t - an amulet of guardian spirit (around neck)
 z - a ring of willpower (left hand)
 C - a +4 ring of slaying (right hand)
Wands
 a - a wand of flame (9)
 j - a wand of digging (3)
Scrolls
 u - 3 scrolls of teleportation
 y - a scroll of blinking
 D - 3 scrolls of identify
 F - a scroll of magic mapping
Potions
 c - 3 potions of flight
 f - 4 potions of might
 k - 2 potions of brilliance
 l - 4 potions of cancellation
 m - 2 potions of lignification
 n - a potion of ambrosia {unknown}
 q - 4 potions of mutation {unknown}
 r - 3 potions of haste {unknown}
 s - a potion of degeneration {unknown}
 A - 2 potions of invisibility {unknown}
 B - a potion of magic {unknown}
 G - a potion of berserk rage {unknown}


   Skills:
 + Level 10.0 Fighting
 + Level 7.4 Short Blades
 + Level 7.4 Long Blades
 + Level 8.8 Axes
 + Level 7.4 Maces & Flails
 + Level 7.4 Polearms
 + Level 7.4 Staves
 + Level 7.4 Slings
 + Level 7.4 Bows
 + Level 7.4 Crossbows
 + Level 7.4 Throwing
 + Level 8.8 Armour
 + Level 7.9 Dodging
 + Level 7.4 Stealth
 + Level 7.4 Shields
 + Level 7.4 Unarmed Combat
 + Level 7.4 Spellcasting
 + Level 6.1 Conjurations
 + Level 6.1 Hexes
 + Level 6.1 Summonings
 + Level 6.1 Necromancy
 + Level 6.1 Translocations
 + Level 6.1 Transmutations
 + Level 6.1 Fire Magic
 + Level 6.1 Ice Magic
 + Level 6.1 Air Magic
 + Level 6.1 Earth Magic
 + Level 6.1 Poison Magic
 + Level 9.4 Invocations
 + Level 7.4 Evocations


You had 25 spell levels left.
You didn't know any spells.
Your spell library contained the following spells:

 Spells                   Type           Power      Damage    Failure   Level
 Magic Dart               Conj           64%        1d6       2%          1
 Summon Small Mammal      Summ           64%        N/A       2%          1
 Call Imp                 Summ           16%        N/A       3%          2
 Searing Ray              Conj           32%        2d5       3%          2
 Static Discharge         Conj/Air       16%        N/A       3%          2
 Sublimation of Blood     Necr           16%        N/A       3%          2
 Wereblood                Tmut           16%        N/A       3%          2
 Call Canine Familiar     Summ           16%        N/A       7%          3
 Mephitic Cloud           Conj/Pois/Air  16%        N/A       7%          3
 Ozocubu's Armour         Ice            16%        N/A       7%          3
 Summon Guardian Golem    Hex/Summ       16%        N/A       7%          3
 Cause Fear               Hex            8%         N/A       22%         4
 Fulminant Prism          Conj/Hex       8%         3d7       22%         4
 Blade Hands              Tmut           8%         N/A       54%         5
 Irradiate                Conj/Tmut      8%         3d16      54%         5
 Lightning Bolt           Conj/Air       8%         1d20      54%         5
 Conjure Ball Lightning   Conj/Air       8%         3x3d6     98%         6
 Dragon Form              Tmut           8%         N/A       100%        7
 Ozocubu's Refrigeration  Ice            8%         4d6       100%        7
 Summon Hydra             Summ           8%         N/A       100%        7
 Discord                  Hex            8%         N/A       100%        8
 Disjunction              Tloc           8%         N/A       100%        8
 Maxwell's Capacitive Co  Air            8%         ∞         100%        8
 Dragon's Call            Summ           8%         N/A       100%        9


Dungeon Overview and Level Annotations

Branches:
Dungeon (12/15)            Temple (0/1) D:4            Lair (0/6) D:9
    Orc (0/2) D:10          Sewer (visited)

Altars:
Wu Jian

Shops:
D:4 :   D:11 ?

Annotations:
D:9 Vivir's ghost, journeyman MiFi


Innate Abilities, Weirdness & Mutations

You have very sharp teeth.
Your uncanny sense of smell can sniff out nearby items.
Your experience applies equally to all skills.


Message History

You kill the centaur!
Lugonu accepts your kill. The efreet gestures at you.
The fireball explodes!
The fireball engulfs you! The efreet gestures at you.
The fireball explodes!
The fireball engulfs you!!
You hear a howl!
You hear an angry buzzing noise.
You hear a shout!
Your Fighting skill increases to level 10!
The efreet completely misses you.
Things that are here:
a +0 shortbow; 18 arrows; a centaur corpse You barely miss the efreet.
You bite the efreet, but do no damage.
The efreet hits you with a +4 scimitar of flaming!
The efreet burns you. The efreet hits you but does no damage.
You slash the efreet!
The efreet's magic leaks into the air.
The efreet is heavily wounded.
The efreet hits you with a +4 scimitar of flaming.
The efreet burns you.
* * * LOW HITPOINT WARNING * * *
The efreet hits you but does no damage.
You hit the efreet but do no damage.
The efreet is heavily wounded.
The howler monkey hoots and howls with incredible vigour!
The efreet hits you but does no damage.
The efreet falters for a moment.
A hornet comes into view.
You hear a shout! x2
You hit the efreet.
The efreet's magic leaks into the air.
The efreet is heavily wounded.
The howler monkey hits you but does no damage.
The efreet hits you with a +4 scimitar of flaming!
* * * LOW HITPOINT WARNING * * *
The efreet burns you.
* * * LOW HITPOINT WARNING * * *
The howler monkey closely misses you.
The efreet falters for a moment.
You barely miss the efreet.
The efreet is heavily wounded.
The hornet changes into a hog!
The howler monkey hoots and howls with incredible vigour!
The efreet hits you with a +4 scimitar of flaming!
You die...

..#..# #.
..#.. ...
..#.##.#
#.........
##....#.#.#
.h......>
#Rh....#
#.###@##'####
#.....))....#
##..###.....#
#..
#.....#####.
##.#
#...........
..
#.....#####
#.##.....#
#..###.###
#.#...##


You could see an efreet, a hog shaped shifter and a howler monkey (catching
breath).

Vanquished Creatures
  A hydra (D:12)
  2 centaur warriors (D:10)
  A boulder beetle (D:12)
  2 ugly things
  A deep elf pyromancer (D:7)
  2 cyclopes
  4 spectral centaurs (D:9)
  An unseen horror (D:11)
  A kobold demonologist (D:12)
  A komodo dragon (D:12)
  A troll (D:11)
  A polar bear (D:12)
  A centaur simulacrum (D:9)
  2 shadows (D:10)
  2 wraiths
  A vampire (D:8)
  3 basilisks (D:9)
  3 wyverns
  A steam dragon (D:8)
  21 yaks
  A vampire mosquito (D:12)
  2 acid dragons
  2 water moccasins
  5 ice beasts
  4 orc warriors
  2 necrophages
  An ogre (D:5)
  4 centaurs
  4 kobold brigands
  3 phantoms
  Blork the orc (D:5)
  2 bullfrogs
  A wyvern zombie (D:7)
  2 water moccasin zombies (D:6)
  4 scorpions
  24 killer bees
  14 wights
  4 howler monkeys
  3 centaur zombies
  3 hounds (D:6)
  A jelly (D:5)
  8 orc priests
  A centaur skeleton (D:5)
  A gnoll shaman (D:6)
  4 iguanas
  3 orc wizards
  A killer bee zombie (D:3)
  6 ogre zombies (D:10)
  2 howler monkey zombies
  5 gnolls (D:6)
  11 adders
  6 river rats (Sewer)
  2 shadow imps (D:6)
  4 white imps
  An adder skeleton (D:4)
  2 worms (D:4)
  2 dart slugs
  25 orcs
  8 endoplasms
  2 giant cockroaches (D:1)
  7 hobgoblins
  8 jackals
  33 kobolds
  8 quokkas
  12 ball pythons
  3 bats
  7 frilled lizards
  4 goblins
  3 goblin zombies (D:10)
  A hobgoblin zombie (D:10)
  4 orc skeletons (D:10)
  11 orc zombies (D:10)
  26 rats
360 creatures vanquished.

Vanquished Creatures (others)
  An orc (D:8)
1 creature vanquished.

Grand Total: 361 creatures vanquished

Notes
Turn   | Place    | Note
-------+----------+-------------------------------------------
     0 | Abyss:1  | Gargoyl the Gnoll Abyssal Knight began the quest for the
                  | Orb.
     0 | Abyss:1  | Reached XP level 1. HP: 23/23 MP: 3/3
     8 | Abyss:1  | Found a hazy altar of Hepliaklqana.
    53 | Abyss:1  | Noticed a raiju
    95 | Abyss:2  | Identified the +8 great sword "Siloac" {antimagic, rPois
                  | rN+ Will+ rCorr}
   108 | Abyss:2  | Noticed a guardian serpent
   109 | D:1      | Escaped the Abyss
   334 | D:1      | Reached XP level 2. HP: 29/29 MP: 1/5
   576 | D:1      | Reached * piety under Lugonu
   741 | D:1      | Found a faded altar of an unknown god.
   748 | D:1      | Reached XP level 3. HP: 32/35 MP: 2/6
  1519 | D:2      | Reached skill level 1 in Short Blades
  1519 | D:2      | Reached skill level 1 in Long Blades
  1519 | D:2      | Reached skill level 1 in Maces & Flails
  1519 | D:2      | Reached skill level 1 in Polearms
  1519 | D:2      | Reached skill level 1 in Staves
  1519 | D:2      | Reached skill level 1 in Slings
  1519 | D:2      | Reached skill level 1 in Bows
  1519 | D:2      | Reached skill level 1 in Crossbows
  1519 | D:2      | Reached skill level 1 in Throwing
  1519 | D:2      | Reached skill level 1 in Stealth
  1519 | D:2      | Reached skill level 1 in Shields
  1519 | D:2      | Reached skill level 1 in Unarmed Combat
  1519 | D:2      | Reached skill level 1 in Spellcasting
  1519 | D:2      | Reached skill level 1 in Evocations
  1753 | D:2      | Reached XP level 4. HP: 41/41 MP: 2/7
  1801 | D:3      | Reached ** piety under Lugonu
  2030 | D:3      | Reached skill level 1 in Conjurations
  2030 | D:3      | Reached skill level 1 in Hexes
  2030 | D:3      | Reached skill level 1 in Summonings
  2030 | D:3      | Reached skill level 1 in Necromancy
  2030 | D:3      | Reached skill level 1 in Translocations
  2030 | D:3      | Reached skill level 1 in Transmutations
  2030 | D:3      | Reached skill level 1 in Fire Magic
  2030 | D:3      | Reached skill level 1 in Ice Magic
  2030 | D:3      | Reached skill level 1 in Air Magic
  2030 | D:3      | Reached skill level 1 in Earth Magic
  2030 | D:3      | Reached skill level 1 in Poison Magic
  2402 | D:4      | Found Himoheiv's Book Boutique.
  2448 | D:4      | Reached XP level 5. HP: 44/47 MP: 2/8
  2541 | D:4      | Found a glowing drain.
  2549 | Sewer    | Entered a sewer
  3125 | Sewer    | Reached *** piety under Lugonu
  3126 | Sewer    | Reached skill level 5 in Invocations
  3132 | Sewer    | Reached XP level 6. HP: 43/53 MP: 3/9
  3204 | Sewer    | Reached skill level 5 in Axes
  3204 | Sewer    | Reached skill level 5 in Armour
  3838 | D:4      | Found a staircase to the Ecumenical Temple.
  3891 | D:4      | Reached skill level 7 in Fighting
  3891 | D:4      | Reached XP level 7. HP: 46/60 MP: 3/10
  4120 | D:4      | Reached **** piety under Lugonu
  4427 | D:5      | Entered Level 5 of the Dungeon
  4455 | D:5      | Noticed Blork the orc
  4462 | D:5      | Killed Blork the orc
  4689 | D:5      | Reached XP level 8. HP: 59/67 MP: 4/12
  5638 | D:6      | Identified the +3 ring mail of the Saviour {Harm rN++}
  6048 | D:6      | Reached XP level 9. HP: 53/72 MP: 4/14
  6613 | D:7      | Noticed a deep elf pyromancer
  6636 | D:7      | Killed a deep elf pyromancer
  6637 | D:7      | Reached skill level 5 in Dodging
  7191 | D:7      | Reached skill level 8 in Fighting
  7835 | D:8      | Reached XP level 10. HP: 39/80 MP: 4/17
  7837 | D:8      | Reached ***** piety under Lugonu
  8226 | D:8      | Noticed a cyclops
  8234 | D:8      | Killed a cyclops
  8235 | D:8      | Reached skill level 5 in Short Blades
  8235 | D:8      | Reached skill level 5 in Long Blades
  8235 | D:8      | Reached skill level 5 in Maces & Flails
  8235 | D:8      | Reached skill level 5 in Polearms
  8235 | D:8      | Reached skill level 5 in Staves
  8235 | D:8      | Reached skill level 5 in Slings
  8235 | D:8      | Reached skill level 5 in Bows
  8235 | D:8      | Reached skill level 5 in Crossbows
  8235 | D:8      | Reached skill level 5 in Throwing
  8235 | D:8      | Reached skill level 5 in Stealth
  8235 | D:8      | Reached skill level 5 in Shields
  8235 | D:8      | Reached skill level 5 in Unarmed Combat
  8235 | D:8      | Reached skill level 5 in Spellcasting
  8235 | D:8      | Reached skill level 5 in Evocations
 10770 | D:9      | Found an ornate altar of the Wu Jian Council.
 10826 | D:9      | Reached XP level 11. HP: 87/87 MP: 6/19
 10883 | D:9      | Reached skill level 9 in Fighting
 10959 | D:9      | Found a staircase to the Lair.
 11134 | D:9      | Found a runed translucent gate.
 11135 | D:9      | Found a runed translucent gate.
 11136 | D:9      | Found a runed translucent gate.
 11137 | D:9      | Noticed Vivir's ghost (journeyman MiFi)
 11251 | D:9      | Reached skill level 5 in Conjurations
 11251 | D:9      | Reached skill level 5 in Hexes
 11251 | D:9      | Reached skill level 5 in Summonings
 11251 | D:9      | Reached skill level 5 in Necromancy
 11251 | D:9      | Reached skill level 5 in Translocations
 11251 | D:9      | Reached skill level 5 in Transmutations
 11251 | D:9      | Reached skill level 5 in Fire Magic
 11251 | D:9      | Reached skill level 5 in Ice Magic
 11251 | D:9      | Reached skill level 5 in Air Magic
 11251 | D:9      | Reached skill level 5 in Earth Magic
 11251 | D:9      | Reached skill level 5 in Poison Magic
 11795 | D:10     | Entered Level 10 of the Dungeon
 12065 | D:10     | Found a staircase to the Orcish Mines.
 12402 | D:10     | Noticed a centaur warrior
 12406 | D:10     | Noticed a brown ugly thing
 12411 | D:10     | Killed a centaur warrior
 12414 | D:10     | Killed a brown ugly thing
 12741 | D:10     | Noticed a centaur warrior
 12848 | D:10     | Killed a centaur warrior
 13267 | D:10     | Identified the +5 falchion "Hyguos" {freeze, Drain Will+
                  | rCorr SInv}
 13749 | D:11     | Found Ajeiqum's Magic Scroll Shoppe.
 13762 | D:11     | Reached XP level 12. HP: 95/96 MP: 7/22
 14110 | D:11     | Bought a scroll of enchant armour for 112 gold pieces
 14110 | D:11     | Bought a scroll of teleportation for 45 gold pieces
 15185 | D:12     | Noticed a boulder beetle
 15198 | D:12     | Killed a boulder beetle
 15229 | D:12     | Noticed a four-headed hydra
 15241 | D:12     | Killed a four-headed hydra
 15270 | D:12     | Noticed a deep elf knight
 15559 | D:12     | Reached skill level 10 in Fighting
 15564 | D:12     | Slain by an efreet

Illustrated notes

Levels and vault maps discovered:
D:1:      elethiomel_arrival_infinity_welcomes_careful_drivers, layout_basic,
          nicolae_ecumenical_snake_handling
D:2:      layout_loops_ring
D:3:      layout_rooms, grunt_decor_fettered
D:4:      layout_basic, temple_hall, serial_shops, shop,
          gup_sewer_entry_bubbles, minmay_mini_jars
D:5:      layout_basic, uniq_blork_the_orc
D:6:      layout_basic, amcnicky_mini_pool_small
D:7:      layout_cave_pods, minmay_misc_feat_rows
D:8:      layout_loops_ring, nzn_life_drinkers
D:9:      layout_irregular_city, nzn_wu_jian_council_hall, erik_lair_dragon,
          gammafunk_ghost_necromancy
D:10:     layout_loops_ring, zombieorc1_lemuel, minmay_misc_feat_diagonals,
          mrwooster_statue_mirror
D:11:     layout_basic, serial_shops, nicolae_square_shop
D:12:     minmay_the_grid_four_pointed_star
          [minmay_the_grid_triangle_9x9_from_above,
          minmay_the_grid_triangle_9x9_cache,
          minmay_the_grid_triangle_9x9_dagger,
          minmay_the_grid_triangle_9x9_flanged_cone,
          minmay_the_grid_prize_four_corners_diamond_a], layout_basic,
          st_stairs_10, ice2_lemuel

Skill      XL: |  1  2  3  4  5  6  7  8  9 10 11 12 |
---------------+-------------------------------------+-----
Short Blades   | 1 2 3 4 5 6 7 |  7.4
Long Blades    | 1 2 3 4 5 6 7 |  7.4
Maces & Flails | 1 2 3 4 5 6 7 |  7.4
Polearms       | 1 2 3 4 5 6 7 |  7.4
Staves         | 1 2 3 4 5 6 7 |  7.4
Slings         | 1 2 3 4 5 6 7 |  7.4
Bows           | 1 2 3 4 5 6 7 |  7.4
Crossbows      | 1 2 3 4 5 6 7 |  7.4
Throwing       | 1 2 3 4 5 6 7 |  7.4
Stealth        | 1 2 3 4 5 6 7 |  7.4
Shields        | 1 2 3 4 5 6 7 |  7.4
Unarmed Combat | 1 2 3 4 5 6 7 |  7.4
Spellcasting   | 1 2 3 4 5 6 7 |  7.4
Evocations     | 1 2 3 4 5 6 7 |  7.4
Conjurations   | 1 2 3 4 5 6 |  6.1
Hexes          | 1 2 3 4 5 6 |  6.1
Summonings     | 1 2 3 4 5 6 |  6.1
Necromancy     | 1 2 3 4 5 6 |  6.1
Translocations | 1 2 3 4 5 6 |  6.1
Transmutations | 1 2 3 4 5 6 |  6.1
Fire Magic     | 1 2 3 4 5 6 |  6.1
Ice Magic      | 1 2 3 4 5 6 |  6.1
Air Magic      | 1 2 3 4 5 6 |  6.1
Earth Magic    | 1 2 3 4 5 6 |  6.1
Poison Magic   | 1 2 3 4 5 6 |  6.1
Dodging        | 3 4 5 6 7 |  7.9
Invocations    | 5 6 7 8 9 |  9.4
Axes           | 5 6 7 8 |  8.8
Armour         | 5 6 7 8 |  8.8
Fighting       | 7 8 9 10 | 10.0

Action                   |  1- 3 |  4- 6 |  7- 9 | 10-12 || total
-------------------------+-------+-------+-------+-------++-------
Melee: Great sword       |    68 |   166 |   222 |   427 ||   883
       Bite              |     3 |    11 |    21 |    36 ||    71
Throw: Dart              |       |       |       |     7 ||     7
Invok: Depart the Abyss  |     1 |       |       |       ||     1
       Banish            |       |       |       |     1 ||     1
Evoke: Wand              |       |       |       |     4 ||     4
  Use: Potion            |     1 |       |     5 |     1 ||     7
       Scroll            |     1 |     6 |    11 |     3 ||    21
 Stab: Sleeping          |       |       |     3 |     3 ||     6
       Distracted        |       |       |     1 |       ||     1
Armor: Leather armour    |    27 |       |       |       ||    27
       Scale mail        |    24 |   149 |    99 |       ||   272
       Ring mail         |       |       |    61 |   412 ||   473
Dodge: Dodged            |    69 |   165 |   195 |   527 ||   956

Table legend: (Time is in decaauts)
 A = Elapsed time spent in this place.
 B = Non-inter-level travel time spent in this place.
 C = Inter-level travel time spent in this place.
 D = Time resting spent in this place.
 E = Time spent auto-exploring this place.
 F = Levels seen in this place.
 G = Mean time per level.
                   A        B        C        D        E       F      G
               +--------+--------+--------+--------+--------+-----+--------+
         Total |  16062 |  15727 |    335 |   2707 |  10002 |  15 | 1070.8 |
       Dungeon |  14669 |  14334 |    335 |   2456 |   9210 |  12 | 1222.4 |
         Abyss |    108 |    108 |      0 |      0 |     88 |   2 |   54.0 |
         Sewer |   1284 |   1284 |      0 |    251 |    703 |   1 | 1284.0 |
               +--------+--------+--------+--------+--------+-----+--------+

Top non-repeatable levels by time:
     D:8: 2474 daAuts
     D:9: 1665 daAuts
    D:10: 1642 daAuts
    D:11: 1372 daAuts
   Sewer: 1284 daAuts
     D:6: 1221 daAuts
     D:7: 1182 daAuts
     D:5: 1020 daAuts
     D:4: 994 daAuts
     D:1: 974 daAuts
    D:12: 844 daAuts
     D:2: 753 daAuts
     D:3: 524 daAuts
 Abyss:1: 57 daAuts
 Abyss:2: 51 daAuts
